 Dungeon Crawl Stone Soup version 0.28-a0-1152-g9c71ebef14 (webtiles) character file.

Game seed: 2295902511122718943

95 tilp the Chiller (level 4, 18/18 HPs)
             Began as a Felid Ice Elementalist on Dec 14, 2021.
             Quit the game on level 4 of the Dungeon.
             The game lasted 00:03:41 (3012 turns).

tilp the Chiller (Felid Ice Elementalist)           Turns: 3012, Time: 00:03:41

Health: 18/18      AC:  5    Str:  4    XL:     4   Next: 40%
Magic:  9/9        EV: 17    Int: 18    God:
Gold:   69         SH:  0    Dex: 17    Spells: 2/9 levels left
                                        Lives:  0   Deaths: 1

rFire   . . .      SeeInvis +     - Unarmed
rCold   . . .      Faith    .   (shield unavailable)
rNeg    . . .      Spirit   .   (armour unavailable)
rPois   .          Reflect  .   (helmet unavailable)
rElec   .          Harm     .   (cloak unavailable)
rCorr   .          Rampage  .   (gloves unavailable)
Will    .....                   (boots unavailable)
Stlth   ++........              (no amulet)
HPRegen 0.06/turn               e - +4 ring of protection
MPRegen 0.11/turn               c - ring of flight

@: flying, quick
A: very small, claws 1, fangs 3, see invisible, speed 1, shaggy fur 1, stealthy
paws, no weapons or thrown items, no armour, multi-lived
a: no special abilities


You were on level 4 of the Dungeon.
You visited 1 branch of the dungeon, and saw 5 of its levels.

You collected 69 gold pieces.

Inventory:

Jewellery
 c - a ring of flight (right paw)
 e - a +4 ring of protection (left paw)
Wands
 d - a wand of mindburst (6)
Potions
 a - 2 potions of heal wounds
 b - a potion of mutation
 f - a potion of degeneration {unknown}
 g - a potion of haste {unknown}


   Skills:
 - Level 2.6 Dodging
 - Level 2.6 Stealth
 - Level 2.0 Unarmed Combat
 - Level 3.0 Spellcasting
 * Level 5.3 Ice Magic


You had 2 spell levels left.
You knew the following spells:

 Your Spells              Type           Power      Damage    Failure   Level
a - Freeze                Ice            84%        1d10      1%          1
b - Frozen Ramparts       Ice            42%        1d6       5%          3
c - Ozocubu's Armour      Ice            21%        N/A       5%          3

Your spell library contained the following spells:

 Spells                   Type           Power      Damage    Failure   Level
 Hailstorm                Conj/Ice       12%        3d5       50%         4


Dungeon Overview and Level Annotations

Branches:
Dungeon (5/15)
 Temple: D:4-7

Altars:
Okawaru


Innate Abilities, Weirdness & Mutations

You have sharp claws.
You have razor-sharp teeth.
You have supernaturally acute eyesight. (SInv)
You cover ground quickly. (Speed+)
You are covered in fur. (AC +1)
Your paws help you pounce on unaware monsters.
You are incapable of wielding weapons or throwing items.
You cannot wear armour.
You gain extra lives every three experience levels.


Message History

You pounce on the unaware helpless endoplasm!
You claw the endoplasm!
You kill the endoplasm!
There is a stone staircase leading down here.
Press: ? - help, . - travel You can't see that place. [the floor.]
An ogre comes into view. It is wielding a +0 giant club.
Unknown command.
The ogre shouts!
You see here 6 gold pieces.
You barely miss the ogre. The ogre closely misses you.
Unknown command.
Casting: Freeze (safe; 1% risk of failure)
Confirm with . or Enter, or press ? or * to list all spells.
The spell is quite dangerous to miscast (5% risk of failure)!
Continue anyway?
Casting: Frozen Ramparts (quite dangerous; 5% risk of failure)
Press: ? - help, Dir - look around, f - activate The walls around you are covered in ice.
Casting: Frozen Ramparts (quite dangerous; 5% risk of failure)
Confirm with . or Enter, or press ? or * to list all spells.
The spell is quite dangerous to miscast (5% risk of failure)!
Continue anyway?
A film of ice covers your body!
The wall freezes the ogre.
Unknown command.
The wall freezes the ogre.
Casting: Ozocubu's Armour (quite dangerous; 5% risk of failure)
Confirm with . or Enter, or press ? or * to list all spells.
Aiming: Freeze (safe; 1% risk of failure)
Press: ? - help, Shift-Dir - straight line, f - ogre
Aim: an ogre, wielding a +0 giant club (moderately wounded)
You freeze the ogre.
The ogre is heavily wounded.
The wall freezes the ogre.
The ogre hits you with a +0 giant club!!
Ouch! That really hurt!
You die...
You are now level 4!
You rejoin the land of the living...
Unknown command.
Are you sure you want to abandon this character and quit the game? (Confirm with "yes".)

#
...#.####.#
.......@..#
...#####..#
..# ..# ..#
... #....#
#.#. #....#
.## #....#


There were no monsters in sight!

Vanquished Creatures
  An ogre (D:5)
  A hound (D:5)
  2 adders (D:2)
  A worm (D:2)
  3 dart slugs (D:1)
  5 ball pythons
  5 bats
  3 endoplasms
  A giant cockroach (D:1)
  7 goblins
  5 hobgoblins
  3 jackals (D:1)
  A kobold (D:2)
  3 quokkas
  2 frilled lizards (D:1)
  4 rats
47 creatures vanquished.

Notes
Turn   | Place    | Note
-------+----------+-------------------------------------------
     0 | D:1      | tilp the Felid Ice Elementalist began the quest for the
                  | Orb.
     0 | D:1      | Reached XP level 1. HP: 7/7 MP: 4/4
   209 | D:1      | Reached skill level 1 in Unarmed Combat
   379 | D:1      | Reached XP level 2. HP: 11/11 MP: 1/6
   954 | D:1      | Found a faded altar of an unknown god.
  1008 | D:1      | Reached XP level 3. HP: 6/14 MP: 1/7
  1013 | D:1      | Learned a level 3 spell: Frozen Ramparts
  1426 | D:2      | Reached skill level 4 in Ice Magic
  2127 | D:2      | Reached XP level 4. HP: 18/18 MP: 4/8
  2131 | D:2      | Learned a level 3 spell: Ozocubu's Armour
  2697 | D:3      | You are sucked into a shaft and drop 2 floors!
  2697 | D:5      | Entered Level 5 of the Dungeon
  2707 | D:5      | Found an iron altar of Okawaru.
  2709 | D:5      | Noticed an ogre
  2724 | D:5      | Killed an ogre
  2725 | D:5      | Reached skill level 5 in Ice Magic
  2725 | D:5      | Reached XP level 5. HP: 21/21 MP: 0/10
  2992 | D:4      | Noticed an ogre
  3011 | D:4      | Slain by an ogre
  3012 | D:4      | Reached XP level 4. HP: -3/18 MP: 3/9
  3012 | D:4      | Quit the game

Illustrated notes

Levels and vault maps discovered:
D:1:      wander_arrival_peaceful_grave, layout_rooms,
          ebering_ecumenical_altar_hall
D:2:      layout_loops_ring, kennysheep_cross_bottleneck, columned_hall_lemuel,
          kennysheep_generic_room_4
D:3:      layout_loops_cross
D:4:      layout_basic
D:5:      layout_rooms, okawaru_ov_weapons_minmay, uniq_duvessa, uniq_grinder,
          uniq_eustachio

Skill      XL: |  1  2  3  4 |
---------------+-------------+-----
Unarmed Combat | 1 2 |  2.0
Ice Magic      | 4 5 |  5.3
Spellcasting   | 3 |  3.0
Dodging        | |  2.6
Stealth        | |  2.6

Action                   |  1- 3 |  4- 6 || total
-------------------------+-------+-------++-------
Melee: Unarmed           |    24 |    13 ||    37
       Bite              |     3 |       ||     3
 Cast: Freeze            |    45 |    11 ||    56
       Frozen Ramparts   |     5 |     6 ||    11
       Ozocubu's Armour  |       |     2 ||     2
  Use: Scroll            |     3 |     1 ||     4
 Stab: Sleeping          |     7 |     1 ||     8
Armor: Skin              |     7 |     4 ||    11
Dodge: Dodged            |    53 |    15 ||    68

Table legend: (Time is in decaauts)
 A = Elapsed time spent in this place.
 B = Non-inter-level travel time spent in this place.
 C = Inter-level travel time spent in this place.
 D = Time resting spent in this place.
 E = Time spent auto-exploring this place.
 F = Levels seen in this place.
 G = Mean time per level.
                   A        B        C        D        E       F      G
               +--------+--------+--------+--------+--------+-----+--------+
         Total |   2762 |   2724 |     38 |    771 |   1574 |   5 |  552.4 |
       Dungeon |   2762 |   2724 |     38 |    771 |   1574 |   5 |  552.4 |
               +--------+--------+--------+--------+--------+-----+--------+

Top non-repeatable levels by time:
     D:1: 1341 daAuts
     D:2: 1045 daAuts
     D:5: 236 daAuts
     D:3: 81 daAuts
     D:4: 57 daAuts
